AoeStats
← Yahel

Arabia

507653231Analyzed
1v1 RM · 14d ago on Sep 19, 2026· 82m 34s· 2 players
Game mode
Random Map
Map size
Tiny (2 player)
Population
200
Speed
Normal
Resources
Standard
Victory
Conquest
Starting age
Dark Age
Ending age
Imperial Age
RankedLock teamsTeams togetherTeam positionsShared explorationLock speedFull tech treeHidden civsTurbo modeCheats
Victory
Defeat
🇦🇷 Lithuanians · Argentina
1162
+18
🇧🇬 Bohemians · Bulgaria
1213
-18
profe de geografia
6:05 Loom
9:38 Feudal Age
21:45 Castle Age
19:46 Double-Bit Axe
19:49 Horse Collar
20:23 Gold Mining
21:37 Wheelbarrow
22:12 Town Watch
22:46 Bloodlines
25:07 Bow Saw
29:11 Scale Barding Armor
29:18 Stone Mining
30:13 Forging
32:54 Treadmill Crane
33:09 Murder Holes
34:16 Ballistics
34:53 Fletching
37:08 Hand Cart
38:38 Husbandry
38:46 Heavy Plow
47:35 Imperial Age
46:06 Masonry
49:30 Conscription
48:49 Cavalier
50:13 Architecture
51:03 Stone Shaft Mining
51:49 Chemistry
51:30 Guilds
51:51 Bodkin Arrow
61:11 Light Cavalry
62:25 Winged Hussar
63:33 Chain Barding Armor
63:48 Iron Casting
63:15 Bracer
65:15 Plate Barding Armor
64:42 Bracer
78:30 Two-Man Saw
78:05 Crop Rotation
Yahel
3:06 Loom
10:07 Feudal Age
16:33 Double-Bit Axe
21:04 Castle Age
20:09 Scale Mail Armor
21:10 Forging
22:31 Wheelbarrow
21:51 Pikeman
23:00 Fletching
24:04 Bow Saw
25:36 Padded Archer Armor
26:36 Horse Collar
29:04 Fervor
30:39 Chain Mail Armor
30:20 Bodkin Arrow
31:40 Redemption
36:51 Imperial Age
34:58 Town Watch
36:22 Iron Casting
36:39 Masonry
36:52 Ballistics
37:53 Block Printing
38:05 Illumination
37:47 Squires
41:21 Plate Mail Armor
43:35 Conscription
43:06 Halberdier
43:32 Arson
46:19 Bracer
50:17 Chemistry
50:48 Two-Man Saw
52:20 Hand Cart
57:11 Leather Archer Armor
57:01 Scale Barding Armor
58:10 Light Cavalry
63:41 Chain Barding Armor
64:45 Husbandry
73:58 Blast Furnace
76:41 Heavy Plow
76:58 Hussite Reforms
Connection lost

Rejoining the realm…

Still unreachable

The connection could not be restored.

Session expired

The server has moved on; the page needs a fresh start.